 Dungeon Crawl Stone Soup version 0.19-a0-488-gf8766cc (webtiles) character file.

77 shmeve the Skirmisher (level 4, -1/41 HPs)
             Began as a Minotaur Berserker on June 4, 2016.
             Was a Believer of Trog.
             Slain by an orc
             ... wielding a +0 club
              (2 damage)
             ... on level 3 of the Dungeon.
             The game lasted 00:02:41 (1421 turns).

shmeve the Skirmisher (Minotaur Berserker)          Turns: 1421, Time: 00:02:41

Health: -1/41      AC:  2    Str: 22    XL:     4   Next: 13%
Magic:  3/3        EV: 12    Int:  4    God:    Trog [**....]
Gold:   112        SH:  0    Dex: 10    Spells: 0 memorised, 3 levels left

rFire  . . .     SeeInvis .     a - +0 hand axe
rCold  . . .     Gourm    .     b - +0 animal skin
rNeg   . . .     Faith    .     (no shield)
rPois  .         Spirit   .     (helmet restricted)
rElec  .         Dismiss  .     (no cloak)
rCorr  .         Reflect  .     (no gloves)
SustAt .         Harm     .     (no boots)
MR     .....                    (no amulet)
Stlth  +.........               (no ring)
                                (no ring)

@: lethally poisoned (-1 -> -3), not resistant to hostile enchantments, very
unstealthy
A: retaliatory headbutt, horns 2
a: Berserk, Trog's Hand, Burn Spellbooks, Renounce Religion


You were on level 3 of the Dungeon.
You worshipped Trog.
Trog was pleased with you.
You were hungry.

You visited 1 branch of the dungeon, and saw 3 of its levels.

You collected 112 gold pieces.

Inventory:

Hand Weapons
 a - a +0 hand axe (weapon)
Armour
 b - a +0 animal skin (worn)
Scrolls
 d - 6 scrolls of identify {unknown}
 f - a scroll of recharging {unknown}
 h - a scroll of noise {unknown}
 i - a scroll of immolation {unknown}
 j - 2 scrolls of amnesia {unknown}
 k - a scroll of enchant weapon {unknown}
 n - a scroll of teleportation {unknown}
Potions
 e - 3 potions of magic {unknown}
 l - a potion of haste {unknown}
 m - a potion of flight {unknown}
Comestibles
 c - 2 bread rations
 g - 3 meat rations
 o - a beef jerky


   Skills:
 * Level 4.4 Fighting
 * Level 4.4 Axes
 + Level 1.0 Throwing
 + Level 2.8 Armour
 + Level 2.9 Dodging


You had 3 spell levels left.
You didn't know any spells.

Dungeon Overview and Level Annotations

Branches:
Dungeon (3/15)

Altars:
Nemelex Xobeh


Innate Abilities, Weirdness & Mutations

You reflexively headbutt those who attack you in melee.
You have a pair of horns on your head.


Message History

* * * LOW HITPOINT WARNING * * *
You hit the orc. Your headbutt misses the orc.
The orc is moderately wounded.
You hit the orc.
The orc is almost dead.
* * * LOW HITPOINT WARNING * * *
You feel sick. The orc completely misses you. The orc closely misses you.
You barely miss the orc.
The orc is moderately wounded.
You barely miss the orc.
The orc is severely wounded.
The orc hits you with a club.
* * * LOW HITPOINT WARNING * * *
The orc completely misses you.
You hit the orc but do no damage.
The orc is moderately wounded.
You hit the orc.
The orc is almost dead.
The orc hits you with a club.
You die...

#......# $#
.......## ##.
##........ .$>
...#.$... ..
.......# #. #.#....#
.# .#
#.#....####.#...#
####.....o@........#
......#..o#####...##
##....### .## #.#.##
# .### #.#.#
.....####.#.#
.###........#
.......<..###
####.######


You could see 2 orcs.

Vanquished Creatures
  2 adders
  An ooze (D:2)
  2 giant geckos
  2 orcs (D:3)
  2 ball pythons (D:2)
  6 bats
  2 giant cockroaches (D:1)
  5 goblins
  8 hobgoblins
  4 jackals (D:2)
  3 kobolds (D:2)
  A quokka (D:2)
  2 giant newts (D:1)
  6 rats
46 creatures vanquished.

Notes
Turn   | Place    | Note
--------------------------------------------------------------
     0 | D:1      | shmeve the Minotaur Berserker began the quest for the Orb.
     0 | D:1      | Reached XP level 1. HP: 19/19 MP: 0/0
   238 | D:1      | Reached XP level 2. HP: 22/27 MP: 1/1
   844 | D:2      | Reached ** piety under Trog
   874 | D:2      | Reached XP level 3. HP: 27/33 MP: 2/2
   897 | D:2      | Found a sparkling altar of Nemelex Xobeh.
  1408 | D:3      | Reached XP level 4. HP: 28/41 MP: 3/3
  1415 | D:3      | Reached skill level 1 in Throwing
  1418 | D:3      | HP: 2/41 [orc/club (2)]
  1421 | D:3      | Slain by an orc

Vault maps used:
D:1:      scummos_arrival_simple_fountains
D:2:      lemuel_doored_altar, st_stairs_2, fountainhead
D:3:      kennysheep_slug_shrine, led_sif_book

Skill      XL: |  1  2  3  4 |
---------------+-------------+-----
Axes           | 4 |  4.4
Fighting       | 4 |  4.4
Throwing       | 1 |  1.0
Armour         | |  2.8
Dodging        | |  2.9

Action                   |  1- 3 |  4- 6 || total
-------------------------+-------+-------++-------
Melee: Hand axe          |    84 |    12 ||    96
       Headbutt          |    11 |     2 ||    13
  Eat: Chunk             |     1 |       ||     1
Armor: Animal skin       |    15 |     2 ||    17
Dodge: Dodged            |    56 |    10 ||    66
